 Seeded DCSS version 0.30-a0-845-g7c6808c8ce (webtiles) character file.

Game seed: 4290115023798346970 (custom seed)

10 demibob the Sneak (level 2, 17/17 HPs)
             Began as a Kobold Brigand on Mar 3, 2023.
             Quit the game on level 1 of the Dungeon.
             The game lasted 00:00:31 (352 turns).

demibob the Sneak (Kobold Brigand)                   Turns: 352, Time: 00:00:32

Health: 17/17      AC:  3    Str:  8    XL:     2   Next: 30%
Magic:  2/2        EV: 11    Int: 12    God:
Gold:   18         SH:  9    Dex: 16    Spells: 1/1 levels left

rFire   + + .      SeeInvis .    a - +2 dagger
rCold   + + .      Faith    .    g - +2 shield of Resistance {rF++ rC++ Will++}
rNeg    . . .      Spirit   .    b - +0 robe
rPois   .          Reflect  .    (no helmet)
rElec   .          Rampage  .    c - +0 cloak
rCorr   .                        (no gloves)
Will    ++...                    (no boots)
Stlth   ++++                     (no amulet)
HPRegen 0.22/turn                (no ring)
MPRegen 0.08/turn                (no ring)

@: no status effects
A: small, no large weapons, nightstalker 3
a: no special abilities


You were on level 1 of the Dungeon.
You visited 1 branch of the dungeon, and saw 1 of its levels.

You collected 18 gold pieces.


Innate Abilities, Weirdness & Mutations

You are small and have problems with some larger weapons.
You are completely attuned to the shadows.


   Skills:
 - Level 2.1 Fighting
 + Level 3.8 Short Blades
 - Level 2.1 Throwing
 - Level 1.2 Dodging
 - Level 5.3 Stealth


You had one spell level left.
You didn't know any spells.
Your spell library was empty.

Inventory:

Hand Weapons
 a - a +2 dagger (weapon)
Missiles
 d - 9 poisoned darts (quivered)
 e - 3 curare-tipped darts {=f}
Armour
 b - a +0 robe (worn)
 c - a +0 cloak (worn)
 g - the +2 shield of Resistance (worn) {rF++ rC++ Will++}
   (You acquired it on level 1 of the Dungeon)

   rF:        It greatly protects you from fire.
   rC:        It greatly protects you from cold.
   Will:      It greatly increases your willpower.
Potions
 f - a potion of berserk rage {unknown}

Dungeon Overview and Level Annotations

Branches:
Dungeon (1/15)

Altars:

#...... #.# #.....# #
....... #.# #####.# #
##'#### #.# ..#.# #
##)### #.# #.#.#####
.....# ######.##..
#.#.......
##.#.##.......##..
###.#.#..#.#
......#.####..##.#
.........#.#
###...#.####..##)#
###........#
......#.#.....##@# #
###.##...#
...#..#.#.....##.###.#
####...#
........'.....##......
)......#
##.#..###.........##.#
#####..# #.#..#
#.##.####.# ### #..#
#.##.# #.# .# #.#
####.####..# #.##.# .#
.####.# ............
#.##.. ......#
####.####..# #.#####
#####.#######.#.##..#


There were no monsters in sight!


Message History

A kobold and a hobgoblin come into view.
The helpless hobgoblin fails to defend itself.
You impale the hobgoblin!!
You kill the hobgoblin!
No target in view!
No target in view!
No target in view!
No target in view!
No target in view!
No target in view!
No target in view!
No target in view!
No target in view!
No target in view!
No target in view!
A goblin comes into view. It is wielding a +0 club.
The helpless goblin fails to defend itself.
You impale the goblin!!
You kill the goblin!
No target in view!
No target in view!
No target in view!
No target in view!
No target in view!
No target in view!
No target in view!
This is a scroll of acquirement!
Something appears at your feet!
You finish putting on the +2 shield of Resistance {rF++ rC++ Will++}.
Are you sure you want to abandon this character and quit the game? (Confirm with "yes".)

Skill      XL: |  1 |
---------------+----+-----
Short Blades   | 3 |  3.8
Fighting       | |  2.1
Throwing       | |  2.1
Dodging        | |  1.2
Stealth        | |  5.3

Action                     || total
---------------------------++-------
  Melee: Dagger            ||    18
    Use: Scroll            ||     1
   Stab: Sleeping          ||     5
 Armour: Robe              ||     4
  Dodge: Dodged            ||    12

Levels and vault maps discovered:
D:1:      kennysheep_arrival_seaside, layout_basic, minmay_gold_behind_fungi,
          wander_ebering_terrifying_dragon_lair

Notes
Turn   | Place    | Note
-------+----------+-------------------------------------------
     0 | D:1      | demibob the Kobold Brigand began the quest for the Orb.
     0 | D:1      | Reached XP level 1. HP: 12/12 MP: 1/1
    46 | D:1      | Reached skill level 3 in Short Blades
   161 | D:1      | Reached XP level 2. HP: 17/17 MP: 2/2
   346 | D:1      | Identified a scroll of acquirement
   346 | D:1      | Acquired the +2 shield of Resistance {rF++ rC++ Will++}
   346 | D:1      | Found the +2 shield of Resistance {rF++ rC++ Will++}
   352 | D:1      | Quit the game

Vanquished Creatures
  2 bats (D:1)
  2 goblins (D:1)
  2 hobgoblins (D:1)
  A quokka (D:1)
  2 frilled lizards (D:1)
9 creatures vanquished.

Vanquished Creatures (others)
  3 toadstools (D:1)
3 creatures vanquished.

Grand Total: 12 creatures vanquished

Table legend: (Time is in decaauts)
 A = Elapsed time spent in this place.
 B = Non-inter-level travel time spent in this place.
 C = Inter-level travel time spent in this place.
 D = Time resting spent in this place.
 E = Time spent auto-exploring this place.
 F = Levels seen in this place.
 G = Mean time per level.
                   A        B        C        D        E       F      G
               +--------+--------+--------+--------+--------+-----+--------+
         Total |    349 |    349 |      0 |      0 |    296 |   1 |  349.0 |
       Dungeon |    349 |    349 |      0 |      0 |    296 |   1 |  349.0 |
               +--------+--------+--------+--------+--------+-----+--------+

Top non-repeatable levels by time:
     D:1: 349 daAuts

Table legend:
 A = Non-vault XP
 B = Vault XP
 C = Vault XP percentage of total XP
 D = Non-vault monster count
 E = Vault monster count
 F = Vault count percentage of total count
                 A         B        C        D         E       F
            +---------+---------+-------+---------+---------+-------
      Total |      15 |       0 |   0.0 |       9 |       0 |   0.0
            +---------+---------+-------+---------+---------+-------
        D:1 |      15 |       0 |   0.0 |       9 |       0 |   0.0
            +---------+---------+-------+---------+---------+-------
